Map: Ruins of Seras

Players

LiquidMaNa (MaNa)

  • Race: Protoss Protoss
  • League: Grandmaster

Harstem - Winner!

  • Race: Protoss Protoss
  • League: Grandmaster

Event: 2016 WCS Winter Challenger Europe

VOD

https://www.youtube.com/watch?v=JQ4ZrOtbFW8

Description

Time

  • Played on: Feb. 13, 2016, 11:03 a.m.
  • Length: 16:38

All games in this series

Show
View Real Time Build Order
Export as new Build Order

LiquidMaNa Protoss 

Build Orders: 1 Gate Expand 

Get SALT Encoding   

  12  0:01  Probe (Chrono Boost)  
  13  0:11  Probe (Chrono Boost)  
  14  0:18  Pylon  
  14  0:22  Probe (Chrono Boost)  
  15  0:36  Probe (Chrono Boost), Gateway  
  16  0:47  Probe (Chrono Boost)  
  16  0:48  Assimilator  
  17  0:57  Probe (Chrono Boost)  
  18  1:08  Probe (Chrono Boost)  
  20  1:26  Nexus  
  19  1:32  Cybernetics Core  
  19  1:36  Probe (Chrono Boost)  
  20  1:47  Probe (Chrono Boost)  
  20  1:51  Gateway  
  21  1:57  Probe (Chrono Boost)  
  22  2:03  Pylon  
  22  2:08  Probe (Chrono Boost)  
  23  2:09  Warp Gate (Chrono Boost)  
  23  2:13  Assimilator  
  23  2:21  Mothership Core (Chrono Boost)  
  27  2:37  Probe, Stalker (Chrono Boost)  
  27  2:40  Probe  
  29  2:45  Stalker (Chrono Boost)  
  31  2:54  Probe  
  31  2:55  Probe  
  33  3:02  Gateway  
  33  3:05  Probe (Chrono Boost)  
  33  3:09  Sentry (Chrono Boost)  
  33  3:11  Probe (Chrono Boost)  
  37  3:18  Pylon  
  37  3:25  Stalker  
  39  3:27  Probe (Chrono Boost)  
  39  3:30  Probe (Chrono Boost)  
  41  3:41  Robotics Facility  
  41  4:08  Pylon  
  41  4:09  Stalker, Adept  
  45  4:10  Zealot  
  45  4:17  Probe x2 (Chrono Boost)  
  48  4:29  Observer (Chrono Boost)  
  48  4:30  Stalker x2  
  52  4:32  Probe, Stalker  
  52  4:34  Probe  
  56  4:39  Pylon  
  56  4:49  Immortal (Chrono Boost)  
  60  5:04  Adept x2  
  60  5:05  Probe  
  60  5:07  Probe  
  66  5:13  Assimilator  
  65  5:14  Twilight Council  
  65  5:16  Probe  
  65  5:19  Probe  
  67  5:26  Probe  
  67  5:27  Observer (Chrono Boost)  
  69  5:31  Probe  
  69  5:32  Pylon  
  70  5:44  Assimilator  
  70  5:50  Probe x2  
  70  5:51  Blink (Chrono Boost)  
  70  5:52  Pylon  
  70  5:53  Pylon  
  71  6:04  Probe x2  
  69  6:15  Warp Prism  
  69  6:16  Probe x2 (Chrono Boost)  
  73  6:28  Probe x2 (Chrono Boost)  
  75  6:32  Gateway  
  75  6:33  Gateway  
  75  6:36  Probe (Chrono Boost)  
  75  6:38  Probe, Stalker  
  75  6:39  Stalker x2  
  83  6:41  Pylon  
  83  6:46  Pylon  
  83  6:53  Probe  
  83  6:55  Probe  
  83  6:57  Immortal  
  89  7:09  Probe  
  89  7:11  Probe  
  91  7:19  Stalker x3  
  97  7:39  Nexus  
  97  7:41  Pylon  
  97  7:46  Stalker x2  
  97  7:47  Stalker  
  103  7:55  Stalker x2  
  107  8:13  Stalker x2  
  107  8:14  Stalker  
  107  8:15  Probe  
  107  8:16  Probe  
  115  8:30  Pylon  
  115  8:32  Pylon  
  115  8:35  Forge  
  115  8:44  Pylon  
  115  8:46  Immortal  
  119  8:53  Stalker x4  
  127  8:59  Stalker  
  127  9:02  Probe  
  129  9:03  Probe  
  129  9:04  Probe  
  129  9:07  Protoss Ground Weapons Level 1 (Chrono Boost)  
  132  9:16  Photon Cannon  
  132  9:20  Photon Cannon  
  132  9:52  Stalker x5  
  140  9:53  Probe  
  140  9:55  Probe x2  
  140  9:57  Gateway  
  140  9:58  Gateway  
  145  10:01  Gateway  
  111  10:22  Stalker x5  
  105  10:42  Gateway  
  99  10:44  Gateway  
  99  10:47  Immortal  
  81  10:51  Stalker x5  
  74  11:17  Stalker  
  74  11:18  Stalker x3  
  73  11:21  Immortal  
  73  11:31  Stalker x4  
  75  11:41  Stalker x4  
  75  11:43  Stalker x2  
  87  11:54  Robotics Facility  
  87  11:58  Stalker, Observer  
  87  12:00  Stalker x2  
  88  12:11  Stalker x2  
  88  12:14  Stalker  
  78  12:24  Stalker x2  
  78  12:25  Immortal  
  68  12:42  Immortal  
  72  12:45  Stalker  
  72  12:49  Assimilator  
  74  12:55  Stalker  
  76  12:58  Stalker  
  76  13:03  Immortal (Chrono Boost)  
  82  13:24  Immortal (Chrono Boost)  
  82  13:26  Stalker x2  
  90  13:29  Assimilator  
  90  13:36  Stalker  
  90  13:38  Stalker  
  94  13:51  Robotics Bay  
  94  13:55  Warp Prism (Chrono Boost)  
  96  14:06  Stalker  
  96  14:08  Stalker  
  100  14:11  Observer (Chrono Boost)  
  101  14:35  Adept x2  
  101  14:36  Adept x2  
  108  14:38  Disruptor (Chrono Boost)  
  108  14:40  Disruptor (Chrono Boost)  
  114  15:02  Probe  
  114  15:03  Probe x2  
  117  15:10  Disruptor (Chrono Boost)  
  120  15:15  Disruptor (Chrono Boost)  
  122  15:36  Nexus  
  121  15:47  Disruptor x2 (Chrono Boost)  
  119  15:51  Stalker  
  119  15:52  Stalker  
  109  16:09  Adept x3  
  109  16:10  Adept  
Show
View Real Time Build Order
Export as new Build Order

Harstem Protoss - Winner!

Build Orders: Dark Templar Rush 

Get SALT Encoding   

  12  0:01  Probe (Chrono Boost)  
  13  0:11  Probe (Chrono Boost)  
  14  0:18  Pylon  
  14  0:22  Probe (Chrono Boost)  
  15  0:36  Probe (Chrono Boost)  
  15  0:38  Gateway  
  16  0:47  Probe (Chrono Boost)  
  17  0:50  Assimilator  
  17  0:57  Probe (Chrono Boost)  
  17  0:58  Assimilator  
  18  1:08  Probe (Chrono Boost)  
  19  1:14  Gateway  
  19  1:18  Probe (Chrono Boost)  
  20  1:26  Cybernetics Core  
  20  1:29  Probe (Chrono Boost)  
  22  1:40  Probe (Chrono Boost)  
  22  1:41  Pylon  
  22  1:50  Probe (Chrono Boost)  
  24  2:02  Warp Gate (Chrono Boost)  
  24  2:04  Stalker (Chrono Boost)  
  25  2:09  Stalker (Chrono Boost)  
  27  2:24  Twilight Council  
  29  2:38  Stalker x2 (Chrono Boost)  
  31  2:47  Pylon  
  31  3:01  Dark Shrine  
  31  3:22  Nexus  
  31  3:32  Mothership Core (Chrono Boost)  
  31  3:33  Pylon  
  33  3:50  Probe (Chrono Boost)  
  33  3:53  Robotics Facility  
  34  4:01  Probe (Chrono Boost)  
  35  4:06  Gateway  
  35  4:11  Probe (Chrono Boost)  
  36  4:22  Probe (Chrono Boost)  
  37  4:32  Probe (Chrono Boost)  
  37  4:35  Dark Templar, Adept  
  42  4:38  Probe (Chrono Boost)  
  42  4:40  Warp Prism (Chrono Boost)  
  42  4:43  Probe  
  46  4:48  Probe  
  47  4:55  Probe  
  47  4:59  Probe  
  49  5:08  Probe (Chrono Boost)  
  49  5:12  Immortal (Chrono Boost)  
  55  5:19  Probe (Chrono Boost), Twilight Council  
  55  5:20  Pylon, Sentry  
  55  5:21  Blink (Chrono Boost)  
  55  5:24  Probe (Chrono Boost)  
  56  5:28  Probe  
  57  5:35  Pylon  
  57  5:36  Probe  
  57  5:39  Probe  
  59  5:43  Stalker  
  59  5:48  Probe, Immortal (Chrono Boost)  
  66  5:50  Probe  
  66  5:56  Adept  
  69  6:00  Probe x2  
  71  6:11  Probe  
  71  6:12  Probe  
  71  6:15  Assimilator  
  71  6:16  Pylon  
  73  6:20  Assimilator  
  73  6:22  Probe, Stalker x2  
  78  6:26  Forge  
  78  6:34  Probe x2  
  78  6:35  Observer (Chrono Boost)  
  78  6:39  Pylon  
  81  6:42  Pylon  
  81  6:46  Probe  
  82  6:49  Gateway  
  82  6:52  Robotics Bay  
  82  6:55  Stalker  
  82  6:56  Probe  
  85  7:04  Stalker  
  85  7:06  Pylon  
  91  7:08  Immortal (Chrono Boost)  
  91  7:13  Gateway  
  91  7:22  Stalker  
  93  7:24  Protoss Ground Weapons Level 1 (Chrono Boost)  
  93  7:28  Pylon  
  91  7:42  Gateway x2  
  91  7:49  Disruptor (Chrono Boost)  
  94  7:53  Pylon  
  94  7:59  Robotics Facility  
  94  8:03  Nexus  
  94  8:04  Pylon  
  94  8:18  Disruptor  
  94  8:20  Stalker  
  94  8:21  Stalker x2  
  97  8:35  Probe (Chrono Boost)  
  97  8:36  Pylon  
  97  8:37  Probe (Chrono Boost)  
  99  8:42  Nexus  
  99  8:46  Probe (Chrono Boost)  
  99  8:47  Probe (Chrono Boost)  
  100  8:53  Stalker x3  
  105  9:01  Probe (Chrono Boost)  
  107  9:03  Disruptor (Chrono Boost)  
  107  9:08  Disruptor (Chrono Boost)  
  113  9:14  Photon Cannon  
  112  9:21  Protoss Ground Weapons Level 2 (Chrono Boost)  
  112  9:29  Stalker x2  
  114  9:38  Disruptor  
  117  9:50  Adept x3  
  123  9:58  Probe  
  122  10:11  Stalker x2  
  99  10:30  Stalker x4  
  93  10:52  Stalker  
  93  11:02  Stalker x2  
  93  11:03  Stalker x3  
  103  11:07  Probe  
  94  11:16  Probe  
  91  11:19  Probe  
  91  11:23  Immortal x2 (Chrono Boost)  
  98  11:30  Stalker x4  
  100  11:36  Pylon  
  100  11:40  Stalker, Sentry  
  100  11:43  Probe  
  100  11:44  Mothership Core  
  107  11:49  Pylon  
  95  12:26  Stalker  
  95  12:27  Stalker x5  
  93  12:41  Probe, Immortal (Chrono Boost)  
  95  12:46  Probe  
  95  12:47  Nexus  
  95  12:51  Immortal (Chrono Boost)  
  100  12:55  Stalker, Sentry  
  102  13:00  Stalker  
  104  13:07  Stalker x2  
  104  13:14  Stalker  
  104  13:19  Immortal (Chrono Boost)  
  108  13:34  Stalker x3  
  112  13:38  Probe (Chrono Boost)  
  112  13:41  Assimilator  
  115  13:44  Probe (Chrono Boost)  
  115  13:46  Assimilator  
  116  13:55  Observer  
  117  14:02  Stalker x4  
  125  14:08  Probe (Chrono Boost)  
  125  14:09  Pylon  
  124  14:33  Photon Cannon  
  124  14:35  Probe (Chrono Boost)  
  124  14:37  Probe (Chrono Boost), Photon Cannon  
  126  14:40  Assimilator x2  
  129  14:46  Stalker x4, Disruptor (Chrono Boost), Warp Prism (Chrono Boost)  
  139  14:57  Pylon  
  139  15:11  Stalker  
  139  15:12  Stalker x2  
  145  15:20  Photon Cannon  
  145  15:29  Stalker x3  
  151  15:35  Disruptor  
  152  15:48  Stalker x3  
  158  15:50  Probe x2  
  136  16:10  Probe  
  120  16:13  Stalker x2  
  120  16:14  Stalker x4  
Tags
 
Add a new tag
Caveats
  • Supply blocks, unpowered buildings, or Contaminate may cause inaccurate times.
  • Supply counts are checked every 10 seconds.